 Dungeon Crawl Stone Soup version 0.28-a0-1334-g1c9ffb4daf (webtiles) character file.

Game seed: 1247861735309692675

91 Froggeryz the Cudgeller (level 4, 0/26 HPs)
             Began as a Gargoyle Warper on Dec 28, 2021.
             Killed from afar by an orc wizard (7 damage)
             ... with a puff of flame
             ... on level 3 of the Dungeon.
             The game lasted 00:02:48 (3224 turns).

Froggeryz the Cudgeller (Gargoyle Warper)           Turns: 3224, Time: 00:02:49

Health: 0/26       AC: 12    Str: 16    XL:     4   Next: 59%
Magic:  7/7        EV: 10    Int: 14    God:
Gold:   44         SH:  0    Dex:  9    Spells: 7/7 levels left

rFire   . . .      SeeInvis .   b - +3 dagger (venom)
rCold   . . .      Faith    .   (no shield)
rNeg    + . .      Spirit   .   j - +0 ring mail
rPois   ∞          Reflect  .   (no helmet)
rElec   +          Harm     .   e - +2 cloak
rCorr   .          Rampage  .   (no gloves)
Will    .....                   (no boots)
Stlth   ..........              (no amulet)
HPRegen 0.08/turn               (no ring)
MPRegen 0.10/turn               (no ring)

@: no status effects
A: sickness immunity, AC +3, negative energy resistance 1, electricity
resistance, torment resistance 1, petrification resistance
a: no special abilities


You were on level 3 of the Dungeon.
You visited 1 branch of the dungeon, and saw 3 of its levels.

You collected 80 gold pieces.
You spent 36 gold pieces at shops.

Inventory:

Hand Weapons
 a - a +0 mace
 b - a +3 dagger of venom (weapon)
Missiles
 d - 5 boomerangs of dispersal (quivered)
Armour
 e - a +2 cloak (worn)
 j - a +0 ring mail (worn)
Scrolls
 c - a scroll of blinking
 f - 3 scrolls of teleportation
 g - a scroll of vulnerability {unknown}
 h - a scroll of magic mapping {unknown}
 m - 2 scrolls of immolation {unknown}
 n - 2 scrolls of identify {unknown}
 o - a scroll of torment {unknown}
 r - a scroll of enchant armour {unknown}
Potions
 i - a potion of curing {unknown}
 k - a potion of lignification {unknown}
 l - a potion of attraction {unknown}
 p - a potion of degeneration {unknown}
 q - a potion of brilliance {unknown}


   Skills:
 - Level 2.1 Fighting
 + Level 0.9 Short Blades
 * Level 4.0 Maces & Flails
 - Level 0.8 Throwing
 - Level 2.2 Armour
 - Level 1.5 Dodging
 - Level 2.0 Spellcasting
 - Level 2.6 Translocations


You had 7 spell levels left.
You didn't know any spells.
Your spell library contained the following spells:

 Spells                   Type           Power      Damage    Failure   Level
 Blink                    Tloc           16%        N/A       22%         2
 Gell's Gravitas          Tloc           8%         N/A       41%         3
 Lesser Beckoning         Tloc           8%         N/A       41%         3
 Teleport Other           Tloc           8%         N/A       41%         3
 Conjure Flame            Conj/Fire      1%         6-21      78%         3
 Ignite Poison            Fire/Tmut/Pois 1%         N/A       78%         3
 Sticky Flame             Conj/Fire      1%         2d3       99%         4
 Manifold Assault         Tloc           8%         N/A       99%         5


Dungeon Overview and Level Annotations

Branches:
Dungeon (3/15)

Altars:
Sif Muna

Shops:
D:3 ??(


Innate Abilities, Weirdness & Mutations

You are immune to sickness and miasma.
Your stone body is resilient. (AC +3)
You are immune to poison.
You resist negative energy. (rN+)
You are resistant to electric shocks. (rElec)
You are resistant to unholy torment.
You are immune to petrification.


Message History

Found a stone staircase leading down.
There is an open door here.
An orc wizard comes into view. It is wielding a +0 dagger.
There is an open door here.
An orc wizard is nearby! 2 orcs come into view.
The orc shouts!
The orc wizard shouts!
The orc shouts!
You hear a shout!
An endoplasm comes into view.
The orc wizard points at you and mumbles some strange words.
The puff of flame hits you!
The orc moves out of view.
There is a stone staircase leading down here.
There is an open door here.
As you close the door, it creaks loudly!
An orc breaks down the door.
There is an open door here.
You close the door.
An orc breaks down the door.
There is an open door here.
You close the door.
You start resting.
An orc wizard is nearby!
As you open the door, it creaks loudly!
You hear a shout!
The orc wizard points at you and mumbles some strange words.
The magic dart hits you!
There is an open door here.
You close the door.
You start resting.
An orc comes into view. It is wielding a +0 club.
You open the door.
An orc comes into view. It is wielding a +0 trident.
There is an open door here.
You hit the orc wizard but do no damage.
The orc wizard is poisoned.
The orc wizard hits you with a +0 dagger.
* * * LOW HITPOINT WARNING * * *
You barely miss the orc wizard.
The orc wizard is moderately wounded.
The orc wizard gestures at you while chanting.
The puff of flame hits you!
You die...

#.##.#.# #.#.###.###### .o.
#.##.#.# #.#^# #.# ...
#.##.#.###.#.# #.# #'#
#.##.#.....#.# #.# #.#
#.##.#.....#.###'######## #o#
#.##.'.....#............#####'###
#.####.....##...........#....o...
#.####.....'...o........#........
#....'.....#####@########........
######.....#..o.o# #........
#.......o###########o.......
#..............o...'........
#.........#....#####........
##........#....# #........
##########....#....# #........
#.............###### #........
#.############# ######...


You could see an orc wizard (very poisoned) and 3 orcs.

Vanquished Creatures
  2 adders
  An adder skeleton (D:2)
  2 worms (D:2)
  3 dart slugs
  3 orcs
  7 endoplasms
  5 goblins
  6 hobgoblins
  7 kobolds
  A quokka (D:2)
  8 ball pythons
  6 rats
51 creatures vanquished.

Vanquished Creatures (others)
  A fungus (D:3)
  8 plants (D:3)
9 creatures vanquished.

Grand Total: 60 creatures vanquished

Notes
Turn   | Place    | Note
-------+----------+-------------------------------------------
     0 | D:1      | Froggeryz the Gargoyle Warper began the quest for the Orb.
     0 | D:1      | Reached XP level 1. HP: 12/12 MP: 3/3
   486 | D:1      | Reached XP level 2. HP: 5/17 MP: 5/5
  1255 | D:1      | Reached skill level 3 in Maces & Flails
  1328 | D:1      | Reached XP level 3. HP: 18/21 MP: 6/6
  2148 | D:2      | Found a shimmering blue altar of Sif Muna.
  2333 | D:2      | Reached XP level 4. HP: 26/26 MP: 7/7
  2428 | D:3      | Noticed an ice beast
  2492 | D:3      | Found Moshic's Magic Scroll Boutique.
  2495 | D:3      | Bought a scroll of teleportation for 36 gold pieces
  3021 | D:3      | Found Kuaseho's Magic Scroll Shop.
  3052 | D:3      | Reached skill level 4 in Maces & Flails
  3124 | D:3      | Found Xirom's Weapon Shop.
  3224 | D:3      | Killed from afar by an orc wizard

Illustrated notes

Levels and vault maps discovered:
D:1:      heliophobic_arrival_enchanted_forest, layout_loops_ring
D:2:      layout_basic, basic_altar, grunt_ministairs_14
D:3:      layout_basic, serial_shops, nicolae_shop_statue_plus,
          nicolae_shop_trees, nicolae_shop_behind_doors,
          shapermc_ecumenical_altar_mp_ritualfount, nrook_mini_backslash

Skill      XL: |  1  2  3  4 |
---------------+-------------+-----
Maces & Flails | 3 4 |  4.0
Armour         | 2 |  2.2
Fighting       | |  2.1
Short Blades   | |  0.9
Throwing       | |  0.8
Dodging        | |  1.5
Spellcasting   | |  2.0
Translocations | |  2.6

Action                   |  1- 3 |  4- 6 || total
-------------------------+-------+-------++-------
Melee: Mace              |    89 |       ||    89
       Dagger            |     8 |    42 ||    50
Armor: Leather armour    |    32 |       ||    32
       Ring mail         |     3 |    20 ||    23
Dodge: Dodged            |    40 |    19 ||    59

Table legend: (Time is in decaauts)
 A = Elapsed time spent in this place.
 B = Non-inter-level travel time spent in this place.
 C = Inter-level travel time spent in this place.
 D = Time resting spent in this place.
 E = Time spent auto-exploring this place.
 F = Levels seen in this place.
 G = Mean time per level.
                   A        B        C        D        E       F      G
               +--------+--------+--------+--------+--------+-----+--------+
         Total |   3250 |   3099 |    151 |    629 |   1977 |   3 | 1083.3 |
       Dungeon |   3250 |   3099 |    151 |    629 |   1977 |   3 | 1083.3 |
               +--------+--------+--------+--------+--------+-----+--------+

Top non-repeatable levels by time:
     D:1: 1690 daAuts
     D:2: 1110 daAuts
     D:3: 449 daAuts
